 Dungeon Crawl Stone Soup version 0.21.1-1-g345015f (webtiles) character file.

193 tidbits the Sneak (level 5, 0/37 HPs)
             Began as a Gnoll Enchanter on June 12, 2018.
             Slain by Theowulf's ghost (2 damage)
             ... on level 4 of the Dungeon.
             The game lasted 00:05:23 (596 turns).

tidbits the Sneak (Gnoll Enchanter)                  Turns: 596, Time: 00:05:24

Health: 0/37       AC:  2    Str: 10    XL:     5   Next: 72%
Magic:  1/12       EV: 15    Int: 18    God:
Gold:   85         SH:  0    Dex: 16    Spells: 2/14 levels left

rFire    . . .     SeeInvis .   k - +2 quarterstaff (crush)
rCold    . . .     Gourm    .   (shield currently unavailable)
rNeg     . . .     Faith    .   b - +0 robe
rPois    .         Spirit   .   (no helmet)
rElec    .         Reflect  .   (no cloak)
rCorr    .         Harm     .   (no gloves)
MR       .....                  (no boots)
Stlth    +++.......             (no amulet)
HPRegen  0.12/turn              W - ring of wizardry
MPRegen  0.13/turn              (no ring)

@: no status effects
A: distributed training, fangs 1, strong nose
a: no special abilities


You were on level 4 of the Dungeon.
You were not hungry.

You visited 1 branch of the dungeon, and saw 5 of its levels.

You collected 85 gold pieces.

Inventory:

Hand Weapons
 a - a +1 dagger
 g - a +0 falchion
 k - a +2 quarterstaff of crushing (weapon)
   (You found it on level 2 of the Dungeon)
Missiles
 l - 16 bolts
 r - 28 sling bullets
 t - a tomahawk (quivered)
Armour
 b - a +0 robe (worn)
Magical Staves
 p - an uncursed staff of cold {unknown}
   (You found it on level 5 of the Dungeon)
Jewellery
 W - a ring of wizardry (left hand)
   (You found it on level 5 of the Dungeon)
Scrolls
 f - a scroll of enchant armour
 i - a scroll of teleportation
 j - a scroll of blinking {unknown}
 m - a scroll of amnesia
 o - a scroll of random uselessness {unknown}
 q - a scroll of enchant weapon {unknown}
 s - 3 scrolls of fear {unknown}
Potions
 e - a potion of ambrosia {unknown}
 n - a potion of invisibility {unknown}
Books
 c - a book of Maledictions

   Spells                             Type                      Level
   a - Corona                         Hexes                        1
   b - Ensorcelled Hibernation        Hexes/Ice                    2
   c - Confuse                        Hexes                        3
   d - Tukima's Dance                 Hexes                        3
   e - Dazzling Spray                 Conjuration/Hexes            3
Comestibles
 d - 5 rations


   Skills:
 + Level 1.6 Fighting
 + Level 3.0 Short Blades
 + Level 1.6 Long Blades
 + Level 1.6 Axes
 + Level 1.6 Maces & Flails
 + Level 1.6 Polearms
 + Level 1.6 Staves
 + Level 1.6 Slings
 + Level 1.6 Bows
 + Level 1.6 Crossbows
 + Level 1.6 Throwing
 + Level 1.6 Armour
 + Level 4.8 Dodging
 + Level 6.2 Stealth
 + Level 1.6 Shields
 + Level 1.6 Unarmed Combat
 + Level 5.2 Spellcasting
 + Level 1.2 Conjurations
 + Level 5.5 Hexes
 + Level 1.2 Charms
 + Level 1.2 Summonings
 + Level 1.2 Necromancy
 + Level 1.2 Translocations
 + Level 1.2 Transmutations
 + Level 1.2 Fire Magic
 + Level 1.2 Ice Magic
 + Level 1.2 Air Magic
 + Level 1.2 Earth Magic
 + Level 1.2 Poison Magic
 + Level 1.8 Invocations
 + Level 1.6 Evocations


You had 2 spell levels left.
You knew the following spells:

 Your Spells              Type           Power        Failure   Level  Hunger
a - Corona                Hex            ###....      1%          1    None
c - Confuse               Hex            ###.....     1%          3    ##.....
d - Dazzling Spray        Conj/Hex       ###...       4%          3    ##.....
e - Ensorcelled Hibernat  Hex/Ice        ###...       1%          2    #......
u - Tukima's Dance        Hex            ###.....     1%          3    ##.....


Dungeon Overview and Level Annotations

Branches:
Dungeon (5/15)
 Temple: D:4-7

Altars:
Ru
Sif Muna
Trog

Annotations:
D:4 Theowulf's ghost, novice MiAK


Innate Abilities, Weirdness & Mutations

Your experience applies equally to all skills.
You have very sharp teeth.
Your uncanny sense of smell can sniff out nearby items.


Message History

Aim: an adder (chance to defeat MR: 55%)
The adder resists with significant effort.
The adder bites you.
You are poisoned.
The adder poisons you!
Casting: Ensorcelled Hibernation
Confirm with . or Enter, or press ? or * to list all spells.
Aiming: Ensorcelled Hibernation
Press: ? - help, Shift-Dir - straight line, f/p - adder
Aim: an adder (chance to defeat MR: 55%)
The adder resists with significant effort.
You feel sick. The adder misses you.
Casting: Ensorcelled Hibernation
Confirm with . or Enter, or press ? or * to list all spells.
Aiming: Ensorcelled Hibernation
Press: ? - help, Shift-Dir - straight line, f/p - adder
Aim: an adder (chance to defeat MR: 55%)
The adder resists with significant effort.
The adder closely misses you. The adder bites you.
Casting: Ensorcelled Hibernation
Confirm with . or Enter, or press ? or * to list all spells.
Aiming: Ensorcelled Hibernation
Press: ? - help, Shift-Dir - straight line, f/p - adder
Aim: an adder (chance to defeat MR: 55%)
The adder resists with significant effort.
You feel sick. The adder bites you.
You aren't carrying any items that you can evoke without wielding.
Unknown command.
Wield which item (- for none, * to show all)? (? for menu, Esc to quit)
k - a +2 quarterstaff of crushing (weapon)
You sock the adder!
You kill the adder!
It was a potion of heal wounds.
You feel much better. The orc hits you with a flail.
You hit the orc.
You kill the orc!
You feel sick.
You closely miss the orc. The orc hits you but does no damage.
You hit the orc.
The orc is heavily wounded.
The orc hits you with a hand axe.
You thump the orc!
You kill the orc!
You feel sick. The orc misses you.
You sock the orc!
You kill the orc!
You thump the orc!
You kill the orc!
Casting: Ensorcelled Hibernation
Confirm with . or Enter, or press ? or * to list all spells.
Aiming: Confuse
Press: ? - help, Shift-Dir - straight line, f - Theowulf's ghost
Aim: Theowulf's ghost (chance to defeat MR: 31%) Theowulf's ghost appears confused.
You feel sick. Theowulf's ghost hits you.
Items here: ))) [ †††
Okay, then.
Wield which item (- for none, * to show all)? (? for menu, Esc to quit)
a - a +1 dagger (weapon)
You hit Theowulf's ghost but do no damage.
Theowulf's ghost hits you.
* * * LOW HITPOINT WARNING * * *
You hit Theowulf's ghost but do no damage.
You feel much better.
You feel sick.
You are no longer poisoned.
Theowulf's ghost hits you!
You hit Theowulf's ghost but do no damage.
You catch the helpless Theowulf's ghost completely off-guard!
You puncture Theowulf's ghost!
Theowulf's ghost is lightly damaged.
You strike the helpless Theowulf's ghost from behind!
You puncture Theowulf's ghost!
Theowulf's ghost is heavily damaged.
Casting: Confuse
Confirm with . or Enter, or press ? or * to list all spells.
Aiming: Corona
Press: ? - help, Shift-Dir - straight line, f/p - Theowulf's ghost
Aim: Theowulf's ghost (moderately damaged, confused, chance to defeat MR: 41%) Theowulf's ghost resists with significant effort.
You hit Theowulf's ghost but do no damage.
Theowulf's ghost is moderately damaged.
You barely miss Theowulf's ghost.
Theowulf's ghost is moderately damaged.
Theowulf's ghost seems less confused.
Theowulf's ghost barely misses you.
Wield which item (- for none, * to show all)? (? for menu, Esc to quit)
k - a +2 quarterstaff of crushing (weapon)
Theowulf's ghost hits you.
You hit Theowulf's ghost.
Theowulf's ghost is heavily damaged.
Theowulf's ghost barely misses you.
You hit Theowulf's ghost.
Theowulf's ghost is heavily damaged.
Theowulf's ghost hits you!
* * * LOW HITPOINT WARNING * * *
You sock Theowulf's ghost!
Theowulf's ghost is severely damaged.
Theowulf's ghost hits you!
* * * LOW HITPOINT WARNING * * *
Theowulf's ghost hits you.
You die...

############
####...........#
#.......).####.####
######.#.......(..$.....
..........#.....@W#.#
######....#.##.##.#
######....#.##.##.#.#
........(....).......#
....####....##.##.#..#
#.#.# ###..##[# .#..
..#.# #...... .# .#
....### #..##.#### .#
>.....####..##.#


You could see Theowulf's ghost.

Vanquished Creatures
  An ogre (D:4)
  A centaur skeleton (D:4)
  A worker ant (D:4)
  2 adders
  A worm (D:2)
  A dart slug (D:2)
  7 orcs (D:4)
  2 giant cockroaches (D:2)
  2 goblins
  A kobold (D:2)
  A quokka (D:4)
  4 bats
  A jackal skeleton (D:5)
  2 quokka skeletons (D:4)
  A rat (D:2)
28 creatures vanquished.

Notes
Turn   | Place    | Note
-------+----------+-------------------------------------------
     0 | D:1      | tidbits the Gnoll Enchanter began the quest for the Orb.
     0 | D:1      | Reached XP level 1. HP: 13/13 MP: 6/6
   114 | D:2      | Reached XP level 2. HP: 19/19 MP: 7/7
   118 | D:2      | Learned a level 2 spell: Ensorcelled Hibernation
   305 | D:2      | Reached skill level 5 in Spellcasting
   305 | D:2      | Reached XP level 3. HP: 11/25 MP: 0/9
   310 | D:2      | Learned a level 3 spell: Confuse
   314 | D:2      | Learned a level 3 spell: Dazzling Spray
   372 | D:4      | Reached skill level 6 in Stealth
   381 | D:4      | Noticed an ogre
   389 | D:4      | Killed an ogre
   389 | D:4      | Reached skill level 1 in Fighting
   389 | D:4      | Reached skill level 1 in Long Blades
   389 | D:4      | Reached skill level 1 in Axes
   389 | D:4      | Reached skill level 1 in Maces & Flails
   389 | D:4      | Reached skill level 1 in Polearms
   389 | D:4      | Reached skill level 1 in Staves
   389 | D:4      | Reached skill level 1 in Slings
   389 | D:4      | Reached skill level 1 in Bows
   389 | D:4      | Reached skill level 1 in Crossbows
   389 | D:4      | Reached skill level 1 in Throwing
   389 | D:4      | Reached skill level 1 in Armour
   389 | D:4      | Reached skill level 1 in Shields
   389 | D:4      | Reached skill level 1 in Unarmed Combat
   389 | D:4      | Reached skill level 1 in Conjurations
   389 | D:4      | Reached skill level 1 in Charms
   389 | D:4      | Reached skill level 1 in Summonings
   389 | D:4      | Reached skill level 1 in Necromancy
   389 | D:4      | Reached skill level 1 in Translocations
   389 | D:4      | Reached skill level 1 in Transmutations
   389 | D:4      | Reached skill level 1 in Fire Magic
   389 | D:4      | Reached skill level 1 in Ice Magic
   389 | D:4      | Reached skill level 1 in Air Magic
   389 | D:4      | Reached skill level 1 in Earth Magic
   389 | D:4      | Reached skill level 1 in Poison Magic
   389 | D:4      | Reached skill level 1 in Invocations
   389 | D:4      | Reached skill level 1 in Evocations
   389 | D:4      | Reached XP level 4. HP: 23/32 MP: 0/11
   389 | D:4      | Reached XP level 5. HP: 26/37 MP: 0/12
   394 | D:4      | Learned a level 3 spell: Tukima's Dance
   430 | D:4      | Found a deep blue altar of Sif Muna.
   430 | D:4      | Found a sacrificial altar of Ru.
   437 | D:4      | Found a faded altar of an unknown god.
   439 | D:4      | Found a bloodstained altar of Trog.
   440 | D:4      | Found a faded altar of an unknown god.
   459 | D:5      | Entered Level 5 of the Dungeon
   459 | D:5      | Noticed a centaur
   538 | D:4      | Reached skill level 3 in Short Blades
   559 | D:4      | Noticed Theowulf's ghost (novice MiAK)
   596 | D:4      | HP: 2/37 [Theowulf's ghost (12)]
   596 | D:4      | Slain by Theowulf's ghost

Skill      XL: |  1  2  3  4  5 |
---------------+----------------+-----
Spellcasting   | 5 |  5.2
Stealth        | 6 |  6.2
Fighting       | 1 |  1.6
Long Blades    | 1 |  1.6
Axes           | 1 |  1.6
Maces & Flails | 1 |  1.6
Polearms       | 1 |  1.6
Staves         | 1 |  1.6
Slings         | 1 |  1.6
Bows           | 1 |  1.6
Crossbows      | 1 |  1.6
Throwing       | 1 |  1.6
Armour         | 1 |  1.6
Shields        | 1 |  1.6
Unarmed Combat | 1 |  1.6
Conjurations   | 1 |  1.2
Charms         | 1 |  1.2
Summonings     | 1 |  1.2
Necromancy     | 1 |  1.2
Translocations | 1 |  1.2
Transmutations | 1 |  1.2
Fire Magic     | 1 |  1.2
Ice Magic      | 1 |  1.2
Air Magic      | 1 |  1.2
Earth Magic    | 1 |  1.2
Poison Magic   | 1 |  1.2
Invocations    | 1 |  1.8
Evocations     | 1 |  1.6
Short Blades   | 3 |  3.0
Dodging        | |  4.8
Hexes          | |  5.5

Action                   |  1- 3 |  4- 6 || total
-------------------------+-------+-------++-------
Melee: Dagger            |    32 |    20 ||    52
       Bite              |     6 |     2 ||     8
       Punch             |     1 |       ||     1
       Quarterstaff      |       |    10 ||    10
 Cast: Ensorcelled Hiber |    10 |     6 ||    16
       Corona            |     3 |     1 ||     4
       Confuse           |     1 |     3 ||     4
  Use: Scroll            |     2 |     1 ||     3
       Potion            |       |     2 ||     2
 Stab: Sleeping          |    13 |     3 ||    16
       Confused          |       |     4 ||     4
Armor: Robe              |     2 |     1 ||     3
Dodge: Dodged            |    12 |    11 ||    23

Table legend:
 A = Turns spent in this place as a percentage of turns spent in the entire game.
 B = Non-inter-level travel turns spent in this place as a percentage of non-inter-level travel turns spent in the entire game.
 C = Inter-level travel turns spent in this place as a percentage of turns spent in this place.
 D = Turns resting spent in this place as a percentage of non-inter-level travel turns spent in this place.
 E = Turns spent auto-exploring this place as a percentage of non-inter-level travel turns spent in this place.
 F = Non-inter-level travel turns spent in this place divided by the number of levels of this place that you've seen.
                   A       B       C       D       E      F
               +-------+-------+-------+-------+-------+----------------------
         Total | 100.0 | 100.0 |   0.0 |   0.0 |   0.0 | 119.2
       Dungeon | 100.0 | 100.0 |   0.0 |   0.0 |   0.0 | 119.2
               +-------+-------+-------+-------+-------+----------------------

Table legend:
 A = Kills in this place as a percentage of kills in entire the game.
 B = Kills by you in this place as a percentage of kills by you in the entire game.
 C = Kills by friends in this place as a percentage of kills by friends in the entire game.
 D = Other kills in this place as a percentage of other kills in the entire game.
 E = Experience gained in this place as a percentage of experience gained in the entire game.
 F = Experience gained in this place divided by the number of levels of this place that you have seen.
                   A       B       C       D       E      F
               +-------+-------+-------+-------+-------+----------------------
         Total | 100.0 | 100.0 |   N/A |   N/A | 100.0 |  55.4
       Dungeon | 100.0 | 100.0 |   N/A |   N/A | 100.0 |  55.4
               +-------+-------+-------+-------+-------+----------------------

Vault maps used:
D:1:      minmay_arrival_hallway, patterned_corridor
D:2:      cheibrodos_pilgrimage, grunt_decor_arrowhead
D:3:      fiery_altar_vehumet, minmay_fountain_box
D:4:      chequers_temple_overflow_minitemple, first_ration, uniq_eustachio,
          uniq_edmund
D:5:      grunt_temple_overflow_opulence, good_gods_mini_temple, temple_hall,
          serial_shops, shop, hangedman_decor_diamond_cutter,
          uniq_crazy_yiuf_cottage, uniq_sigmund
